 Dungeon Crawl Stone Soup version 0.18.1-48-g4cf74bf (webtiles) character file.

11 Monsterface the Caller (level 2, -3/15 HPs)
             Began as a Tengu Summoner on Aug 6, 2016.
             Was an Initiate of Qazlal.
             Slain by a worm (10 damage)
             ... on level 2 of the Dungeon.
             The game lasted 00:07:04 (439 turns).

Monsterface the Caller (Tengu Summoner)              Turns: 439, Time: 00:07:05

Health: -3/15      AC:  2    Str:  8    XL:     2   Next: 29%
Magic:  6/6        EV: 12    Int: 15    God:    Qazlal [......]
Gold:   87         SH:  0    Dex: 14    Spells: 2 memorised, 2 levels left

rFire  . . .     SeeInvis .     g - +0 short sword
rCold  . . .     Gourm    .     l - +0 robe
rNeg   . . .     Faith    .     (no shield)
rPois  .         Spirit   .     (helmet restricted)
rElec  .         Dismiss  .     (no cloak)
rCorr  .         Reflect  .     (no gloves)
SustAt .         Harm     .     (boots unavailable)
MR     .....                    (no amulet)
Stlth  ++........               (no ring)
                                (no ring)

@: not resistant to hostile enchantments, unstealthy
A: beak, talons 3
a: Renounce Religion


You were on level 2 of the Dungeon.
You worshipped Qazlal.
Qazlal was noncommittal.
You were not hungry.

You visited 1 branch of the dungeon, and saw 2 of its levels.

You collected 87 gold pieces.

Inventory:

Hand Weapons
 f - a +0 club
 g - a +0 short sword (weapon)
 h - a +0 dagger
 j - a +0 dagger
Missiles
 i - 8 tomahawks (quivered)
Armour
 a - a +0 robe
 e - a +0 robe
 l - a +0 robe (worn)
Scrolls
 k - a scroll of magic mapping
 m - a scroll of blinking {unknown}
Potions
 n - a potion of haste {unknown}
Books
 b - a book of Callings

   Spells                             Type                      Level
   a - Summon Small Mammal            Summoning                    1
   b - Call Imp                       Summoning                    2
   c - Call Canine Familiar           Summoning                    3
   d - Summon Guardian Golem          Hexes/Summoning              3
   e - Summon Lightning Spire         Summoning/Air                4
   f - Summon Ice Beast               Ice/Summoning                4
Comestibles
 c - 3 bread rations
 d - a royal jelly


   Skills:
 + Level 2.2 Dodging
 + Level 2.0 Stealth
 + Level 2.2 Spellcasting
 + Level 5.2 Summonings


You had 2 spell levels left.
You knew the following spells:

 Your Spells              Type           Power        Failure   Level  Hunger
a - Summon Small Mammal   Summ           ###.         2%          1    #......
b - Call Imp              Summ           ###.....     4%          2    ###....


Dungeon Overview and Level Annotations

Branches:
Dungeon (2/15)

Altars:
Qazlal
Trog


Innate Abilities, Weirdness & Mutations

You have a beak for a mouth.
You have claws for feet.


Message History

Found a stormy altar of Qazlal.
Found 5 gold pieces.
There is a stormy altar of Qazlal here.
You now have 87 gold pieces (gained 5).
There is a stormy altar of Qazlal here.
You kneel at the altar of Qazlal.
Qazlal welcomes you!
Qazlal grants you immunity to your own clouds.
Unknown command.
A worm comes into view.
Found a scroll of remove curse.
Found a bloodstained altar of Trog.
You hit the worm. You peck the worm.
The worm is moderately wounded.
The worm bites you.
You hit the worm.
The worm is heavily wounded.
The worm bites you!
Ouch! That really hurt!
You die...

#.##...#.#
#.###.##.####### _##
.# #..........# ###
#.# ###...###### ...
..#####...######.
..##
.....#...........#...
.###.#....###### .?#
.# #.......######.###
<###............@w..#
..##......###.#####.#
.#.###....# #.#
....).....# #.#
#........[# #.#
#.#.#####.###.###
...## #........ #.##
########. ###


You could see a worm.

Vanquished Creatures
  A hobgoblin (D:2)
  A kobold (D:1)
2 creatures vanquished.

Vanquished Creatures (collateral kills)
  A worm (D:2)
  A giant gecko (D:1)
  A ball python (D:1)
  A bat (D:1)
  A giant cockroach (D:1)
  A hobgoblin (D:1)
  A goblin (D:2)
  3 rats
10 creatures vanquished.

Grand Total: 12 creatures vanquished

Notes
Turn   | Place    | Note
--------------------------------------------------------------
     0 | D:1      | Monsterface the Tengu Summoner began the quest for the Orb.
     0 | D:1      | Reached XP level 1. HP: 10/10 MP: 4/4
   132 | D:1      | Reached skill level 5 in Summonings
   218 | D:1      | Reached XP level 2. HP: 2/15 MP: 1/6
   318 | D:2      | Learned a level 2 spell: Call Imp
   388 | D:2      | Found a stormy altar of Qazlal.
   401 | D:2      | Became a worshipper of Qazlal Stormbringer
   437 | D:2      | Found a bloodstained altar of Trog.
   439 | D:2      | Slain by a worm

Skill      XL: |  1 |
---------------+----+-----
Summonings     | 5 |  5.2
Dodging        | |  2.2
Stealth        | |  2.0
Spellcasting   | |  2.2

Action                   || total
-------------------------++-------
Melee: Unarmed           ||     7
       Kick              ||     6
       Short sword       ||     7
       Peck              ||     2
 Cast: Summon Small Mamm ||    19
       Call Imp          ||     1
  Use: Scroll            ||     4
       Potion            ||     1
 Stab: Sleeping          ||     1
Armor: Robe              ||     7
Dodge: Dodged            ||    18
